 Dungeon Crawl Stone Soup version 0.29.1-2-gbd0b4ee654 (webtiles) character file.

Game seed: 13611670877588447137

3426 safid the Skirmisher (level 9, -1/81 HPs)
             Began as a Minotaur Hunter on Nov 3, 2022.
             Was an Initiate of Okawaru.
             Shot with a bolt by a tengu warrior (24 damage)
             ... on level 8 of the Dungeon.
             The game lasted 00:14:54 (7560 turns).

safid the Skirmisher (Minotaur Hunter)              Turns: 7560, Time: 00:14:55

Health: -1/81      AC:  8    Str: 15    XL:     9   Next: 76%
Magic:  8/8        EV: 10    Int:  6    God:    Okawaru [......]
Gold:   348        SH:  0    Dex: 19    Spells: 8/8 levels left

rFire   . . .      SeeInvis .   x - +1 longbow
rCold   . . .      Faith    .   (shield currently unavailable)
rNeg    + . .      Spirit   .   E - +0 scale mail
rPois   .          Reflect  .   (helmet restricted)
rElec   .          Harm     .   F - +0 cloak
rCorr   +          Rampage  .   w - +0 pair of gloves
Will    .....                   (no boots)
Stlth   +.........              a - amulet of regeneration
HPRegen 1.03/turn               d - ring of positive energy
MPRegen 0.11/turn               A - ring of resist corrosion

@: no status effects
A: horns 2, retaliatory headbutt
a: Renounce Religion


You were on level 8 of the Dungeon.
You worshipped Okawaru.
Okawaru was noncommittal.
You visited 2 branches of the dungeon, and saw 9 of its levels.

You collected 348 gold pieces.

Inventory:

Hand Weapons
 x - a +1 longbow (weapon)
Missiles
 l - a throwing net
 D - 5 javelins
Armour
 w - a +0 pair of gloves (worn)
 E - a +0 scale mail (worn)
 F - a +0 cloak (worn)
Jewellery
 a - an amulet of regeneration (around neck)
 c - an amulet of reflection
 d - a ring of positive energy (left hand)
 u - a ring of fire
 A - a ring of resist corrosion (right hand)
 G - a ring of wizardry
Wands
 k - a wand of polymorph (4)
 s - a wand of iceblast (4)
 v - a wand of flame (16)
 J - a wand of mindburst (10)
Scrolls
 f - a scroll of noise {unknown}
 g - 2 scrolls of magic mapping {unknown}
 n - a scroll of fear {unknown}
 o - 2 scrolls of teleportation
 p - 2 scrolls of blinking
 q - a scroll of enchant armour {unknown}
 y - 3 scrolls of poison {unknown}
 C - a scroll of amnesia {unknown}
 H - a scroll of brand weapon {unknown}
 I - 2 scrolls of identify
Potions
 b - a potion of magic {unknown}
 e - 3 potions of brilliance
 h - 2 potions of cancellation {unknown}
 i - 2 potions of haste
 j - a potion of mutation {unknown}
 m - 3 potions of lignification
 r - a potion of might {unknown}
 t - a potion of flight {unknown}
 z - a potion of degeneration {unknown}
 B - a potion of ambrosia {unknown}


   Skills:
 - Level 8.0 Fighting
 + Level 14.1 Ranged Weapons
 - Level 2.1 Dodging
 - Level 0.7 Stealth


You had 8 spell levels left.
You didn't know any spells.
Your spell library contained the following spells:

 Spells                   Type           Power      Damage    Failure   Level
 Sting                    Tmut/Pois      0%         1d3       91%         1
 Poisonous Vapours        Pois/Air       0%         N/A       97%         2
 Olgreb's Toxic Radiance  Pois           0%         N/A       100%        4


Dungeon Overview and Level Annotations

Branches:
Dungeon (8/15)             Temple (1/1) D:5
   Lair: D:8-11

Altars:
Ashenzari
Cheibriados
Dithmenos
Elyvilon
Fedhas
Gozag
Hepliaklqana
Nemelex Xobeh
Okawaru
Qazlal
Ru
Sif Muna
Uskayaw
Vehumet
Wu Jian
Xom
Yredelemnul
Zin
The Shining One


Innate Abilities, Weirdness & Mutations

You have a pair of horns on your head.
You reflexively headbutt those who attack you in melee.


Message History

Your Ranged Weapons skill increases to level 14!
You shoot an arrow. The arrow hits the wight!
The wight is severely damaged.
The wight zaps a wand.
Your mind is blasted!
You shoot an arrow. The arrow barely misses the wight.
You shoot an arrow. The arrow closely misses the wight.
The wight zaps a wand.
Your mind is blasted!
The wight hits you with a +4 short sword of freezing.
The wight freezes you.
You shoot an arrow. The arrow hits the wight!
You destroy the wight!
Okawaru accepts your kill.
No target in view!
No target in view!
No target in view!
J - a wand of mindburst (10)
Items here: )) [[.
An orc comes into view. It is wielding a +0 club.
Found a short sword.
The orc shouts!
You hear a shout!
You shoot an arrow. The arrow hits the orc!!
You kill the orc!
Okawaru accepts your kill.
No target in view!
No target in view!
A tengu warrior comes into view. It is wielding a +0 long sword.
You shoot an arrow. The arrow misses the tengu warrior.
The tengu warrior shouts!
The tengu warrior unwields a +0 long sword.
The tengu warrior wields a +0 arbalest.
The tengu warrior shoots a bolt.
The bolt hits you!!
You hear a shout!
You shoot an arrow.
The arrow barely misses the tengu warrior.
You shoot an arrow. The arrow misses the tengu warrior.
The tengu warrior shoots a bolt.
The bolt hits you!!
* * * LOW HITPOINT WARNING * * *
A tengu warrior comes into view.
It is wielding a +2 antimagic long sword.
The tengu warrior shoots a bolt.
The bolt hits you!!
You die...

#..# #..# #.#
#..# ##### ...
#..# #... #..
#.#.###.######)#
#.###........##)#
#.# ##...###.##.#
## #.####
#.##.###.#Q# #.#
#.).@.....Q. #.#
####.###.... ##
#.# . #.. ####


You could see 2 tengu warriors.

Vanquished Creatures
  A hornet (D:8)
  Grinder (D:5)
  Sigmund (D:5)
  A steam dragon (D:6)
  Duvessa (D:5)
  3 water moccasins
  An ice beast (D:7)
  A black bear (D:7)
  An ogre (D:5)
  2 phantoms
  3 bullfrogs
  2 necrophages
  4 scorpions
  6 wights
  Dowan (D:5)
  A howler monkey (D:5)
  3 hounds
  5 jellies
  2 orc priests
  2 gnoll boudas
  Jessica (D:2)
  3 iguanas
  Ijyb (D:3)
  Natasha (twice) (D:2)
  An orc wizard (D:5)
  Robin (D:2)
  17 gnolls
  9 adders
  A shadow imp (D:6)
  3 white imps
  An ufetubus (D:5)
  2 worms
  3 dart slugs
  14 orcs
  6 endoplasms
  A giant cockroach (D:4)
  4 hobgoblins
  13 jackals
  2 quokkas
  4 ball pythons
  5 bats
  A frilled lizard (D:1)
  15 goblins
  11 kobolds
  6 rats
169 creatures vanquished.

Vanquished Creatures (others)
  A goblin (D:3)
1 creature vanquished.

Grand Total: 170 creatures vanquished

Notes
Turn   | Place    | Note
-------+----------+-------------------------------------------
     0 | D:1      | safid the Minotaur Hunter began the quest for the Orb.
     0 | D:1      | Reached XP level 1. HP: 18/18 MP: 0/0
    96 | D:1      | Noticed an eye of devastation
    99 | D:1      | Found a faded altar of an unknown god.
   101 | D:1      | Noticed a golden eye
   101 | D:1      | Noticed a golden eye
   101 | D:1      | Noticed a golden eye
   511 | D:1      | Reached XP level 2. HP: 24/26 MP: 1/1
   801 | D:1      | Reached skill level 5 in Ranged Weapons
   801 | D:1      | Reached XP level 3. HP: 30/31 MP: 2/2
  1084 | D:2      | Noticed Natasha
  1088 | D:2      | Killed Natasha
  1208 | D:2      | Noticed Robin
  1218 | D:2      | Reached XP level 4. HP: 34/40 MP: 3/3
  1227 | D:2      | Killed Robin
  1379 | D:2      | Noticed Jessica
  1384 | D:2      | Killed Jessica
  1591 | D:2      | Reached XP level 5. HP: 47/47 MP: 4/4
  2128 | D:2      | Reached skill level 5 in Fighting
  2128 | D:2      | Reached skill level 6 in Ranged Weapons
  2317 | D:2      | Noticed Natasha
  2319 | D:2      | Killed Natasha
  2889 | D:3      | Reached XP level 6. HP: 57/57 MP: 5/5
  2999 | D:3      | Noticed Ijyb
  3012 | D:3      | Killed Ijyb
  3858 | D:4      | Reached skill level 7 in Ranged Weapons
  4217 | D:5      | Entered Level 5 of the Dungeon
  4288 | D:5      | Noticed Sigmund
  4393 | D:5      | Found a staircase to the Ecumenical Temple.
  4430 | Temple   | Entered the Ecumenical Temple
  4689 | D:5      | Reached XP level 7. HP: 64/64 MP: 6/6
  4712 | D:5      | Noticed Duvessa
  4712 | D:5      | Noticed Dowan
  4722 | D:5      | Killed Duvessa
  4723 | D:5      | Killed Dowan
  4893 | D:5      | Killed Sigmund
  4894 | D:5      | Reached skill level 8 in Ranged Weapons
  4941 | D:5      | Reached XP level 8. HP: 74/74 MP: 7/7
  5054 | D:5      | Reached skill level 9 in Ranged Weapons
  5188 | D:5      | Noticed Grinder
  5205 | D:5      | Killed Grinder
  5472 | D:5      | Reached skill level 10 in Ranged Weapons
  5722 | D:6      | Reached skill level 11 in Ranged Weapons
  5880 | D:6      | Reached XP level 9. HP: 58/81 MP: 8/8
  6199 | D:6      | Found a radiant altar of Vehumet.
  6199 | D:6      | Found an opulent altar of Gozag.
  6225 | D:6      | Found a hazy altar of Hepliaklqana.
  6230 | D:6      | Found a faded altar of an unknown god.
  6232 | D:6      | Found a faded altar of an unknown god.
  6357 | D:6      | Reached skill level 12 in Ranged Weapons
  6743 | D:7      | Found an iron altar of Okawaru.
  6748 | D:7      | Became a worshipper of Warmaster Okawaru
  6992 | D:7      | Reached skill level 13 in Ranged Weapons
  7526 | D:8      | Reached skill level 14 in Ranged Weapons
  7557 | D:8      | Noticed a tengu warrior
  7560 | D:8      | Noticed a tengu warrior
  7560 | D:8      | Shot with a bolt by a tengu warrior

Illustrated notes

Levels and vault maps discovered:
D:1:      dpeg_arrival_simpleton_b, layout_loops_corners,
          hellmonk_ecumenical_altar_watching_god
D:2:      layout_loops_cross, uniq_robin, uniq_natasha, uniq_jessica
D:3:      kennysheep_goblin_castle, layout_loops_corners, dk_noncrumbling_4
D:4:      layout_basic
D:5:      minmay_general_purpose_star, layout_loops_corners, temple_pool_b,
          uniq_sigmund, uniq_grinder, uniq_duvessa
D:6:      layout_loops_ring, chequers_temple_overflow_minitemple
D:7:      layout_gridville, marbit_many_paths
D:8:      layout_loops_ring, kennysheep_potato
Temple:   regret_index_temple_generic_petals

Skill      XL: |  1  2  3  4  5  6  7  8  9 |
---------------+----------------------------+-----
Fighting       | 3 4 5 6 8 |  8.0
Ranged Weapons | 5 6 7 8 11 14 | 14.1
Dodging        | |  2.1
Stealth        | |  0.7

Action                   |  1- 3 |  4- 6 |  7- 9 || total
-------------------------+-------+-------+-------++-------
 Fire: Shortbow          |    79 |   202 |       ||   281
       Longbow           |       |    16 |   286 ||   302
  Use: Scroll            |       |       |    10 ||    10
       Potion            |       |       |     4 ||     4
Armor: Leather armour    |     8 |    16 |    15 ||    39
       Scale mail        |       |       |    23 ||    23
Dodge: Dodged            |    27 |    63 |    90 ||   180
